 Dungeon Crawl Stone Soup version 0.31.0-1-g2c135a008e (webtiles) character file.

Game seed: 13044846247998650040

72 qw the Shooter (level 4, 0/34 HPs)
             Began as a Djinni Hunter on Jan 23, 2024.
             Slain by an orc
             ... wielding a +0 short sword
              (3 damage)
             ... on level 3 of the Dungeon.
             The game lasted 00:00:04 (1336 turns).

qw the Shooter (Djinni Hunter)                      Turns: 1336, Time: 00:00:04

Health: 0/34       AC:  5    Str: 10    XL:     4   Next: 50%
Gold:   109        EV: 11    Int: 11    God:
                   SH:  0    Dex: 18

rFire   + + .        a - +0 shortbow
rCold   x . .        (shield currently unavailable)
rNeg    . . .        b - +0 ring mail
rPois   inf          (no helmet)
rElec   .            (no cloak)
rCorr   .            (no gloves)
SInv    .            (boots unavailable)
Will    .....        (no amulet)
Stlth   +            (no ring)
HPRegen 0.25/turn    (no ring)
MPRegen 0.00/turn

%: infuse magic (-1 HP)
@: about to teleport, flying, hasted (expiring), very quick
A: sickness immunity, fire resistance 2, cold vulnerability 1, float, innate
caster, HP casting, extra vitality 1
a: no special abilities


You were on level 3 of the Dungeon.
You visited 1 branch of the dungeon, and saw 3 of its levels.

You collected 109 gold pieces.


Innate Abilities, Weirdness & Mutations

You are immune to sickness and miasma.
You are immune to poison.
Your flesh is very heat resistant. (rF++)
You are vulnerable to cold. (rC-)
You float through the air rather than walking.
You learn spells naturally, not from books.
Your magical power is your life essence.
You have superior vitality. (+4 MHP)


   Skills:
 + Level 2.7 Fighting
 - Level 4.0 Ranged Weapons
 - Level 1.8 Armour
 - Level 2.1 Dodging
 - Level 0.7 Stealth


You knew the following spells:

 Your Spells              Type           Power      Damage    Failure   Level
a - Freeze                Ice            0%         1d3       65%         1
Your spell library was empty.

Inventory:

Hand Weapons
 a - a +0 shortbow (weapon)
Armour
 b - a +0 ring mail (worn)
Potions
 f - a potion of might
 g - a potion of haste
 j - a potion of curing

Dungeon Overview and Level Annotations

Branches:
Dungeon (3/15)

Altars:
Yredelemnul


Message History

You shoot an arrow.
The arrow hits the orc priest but does no damage.
The orc priest is moderately wounded.
You shoot an arrow.
The arrow hits the orc priest but does no damage.
The orc priest is moderately wounded.
You shoot an arrow. The arrow hits the orc priest.
The orc priest is heavily wounded.
The orc priest looks encouraged for a moment.
You shoot an arrow. The arrow hits the orc priest.
The orc priest is almost dead.
The orc priest calls upon Beogh to heal the orc.
The orc's wounds heal themselves!
You shoot an arrow.
The arrow hits the orc priest but does no damage.
The orc priest is almost dead.
The orc priest calls upon Beogh to heal the orc.
The orc's wounds heal themselves!
You shoot an arrow. The arrow hits the orc priest.
The orc priest is almost dead.
Your extra speed is starting to run out.
The orc closely misses you.
The orc hits you with a +2 hand axe of freezing!
The orc freezes you.
The orc priest calls down the wrath of Beogh upon you.
You barely resist. You shoot an arrow. The arrow hits the orc priest.
You kill the orc priest!
The orc misses you.
The orc hits you with a +2 hand axe of freezing.
The orc freezes you.
Your Armour skill increases to level 1!
You have reached level 4!
You feel clever.
1335 ||| READING scroll of teleportation.
As you read the scroll of teleportation, it crumbles to dust.
You feel strangely unstable.
You shoot an arrow. The arrow hits the orc.
The orc is heavily wounded.
The orc hits you with a +0 short sword.
You die...

########.
#........##
#.........#
#.......#.#
#.........
#........# .
#.....)oo##....
##....%.@)......
........#####...
...........##
...........\#
.......#._..#
.......##..}#
....... ##.##
###+#.# #<# #.
###


You could see 2 orcs.

Vanquished Creatures
  An orc priest (D:3)
  A dart slug (D:2)
  3 bats
  3 endoplasms (D:2)
  2 giant cockroaches
  6 goblins
  3 hobgoblins
  5 kobolds
  2 quokkas (D:1)
  5 ball pythons (D:1)
  4 frilled lizards (D:1)
  5 rats
40 creatures vanquished.

Notes
Turn   | Place    | Note
-------+----------+-------------------------------------------
     0 | D:1      | qw the Djinni Hunter began the quest for the Orb.
     0 | D:1      | Reached XP level 1. HP: 18/18 MP: 0/0
     0 | D:1      | 0 ||| qw: Version: 0.3-a-134-g2ba4250
     0 | D:1      | 0 ||| qw: Game counter: 670
     0 | D:1      | 0 ||| qw: Melee chars always use a shield: true
     0 | D:1      | 0 ||| qw: God list: Okawaru
     0 | D:1      | 0 ||| qw: Allow faded altars: false
     0 | D:1      | 0 ||| qw: Do Orc after clearing Dungeon:15 true
     0 | D:1      | 0 ||| qw: Do second Lair branch before Depths: true
     0 | D:1      | 0 ||| qw: Lair rune preference: random
     0 | D:1      | 0 ||| qw: Goals: Normal
     0 | D:1      | 0 ||| PLANNING D:1-11
   127 | D:1      | Reached XP level 2. HP: 23/23 MP: 0/0
   416 | D:1      | Reached XP level 3. HP: 28/28 MP: 0/0
   416 | D:1      | Learned a level 1 spell: Freeze
   421 | D:1      | Reached skill level 4 in Ranged Weapons
   857 | D:1      | 857 ||| READING 2 scrolls labelled ATICOQIASK.
   861 | D:1      | 861 ||| READING scroll labelled RATRIJ FITAF.
   861 | D:1      | 861 ||| ENCHANTING +0 shortbow.
   862 | D:1      | 862 ||| READING scroll labelled HUIJ EV PAAS.
   863 | D:1      | 863 ||| DROPPING scroll of butterflies.
   969 | D:2      | Found a basalt altar of Yredelemnul.
  1076 | D:2      | Identified the +8 dagger of Punwun {flame, rC+}
  1275 | D:2      | 1275 ||| UPGRADING to +0 ring mail.
  1285 | D:2      | 1285 ||| DROPPING +0 leather armour.
  1286 | D:2      | 1286 ||| READING scroll labelled ZALEG GILERU.
  1287 | D:2      | 1287 ||| READING scroll labelled DAGHUH SASA.
  1287 | D:2      | 1287 ||| IDENTIFYING golden potion
  1288 | D:2      | 1288 ||| READING scroll labelled BIMEFFA WAIJU.
  1289 | D:2      | 1289 ||| DRINKING 2 smoky pink potions.
  1290 | D:2      | 1290 ||| DRINKING 2 bubbling inky potions.
  1306 | D:3      | Found a faded altar of an unknown god.
  1334 | D:3      | HP: 5/29 [orc/+2 hand axe of freezing (3)]
  1334 | D:3      | HP: 2/29 [orc/+2 hand axe of freezing (3)]
  1335 | D:3      | Reached skill level 1 in Armour
  1335 | D:3      | Reached XP level 4. HP: 3/34 MP: 0/0
  1335 | D:3      | 1335 ||| READING scroll of teleportation.
  1336 | D:3      | Slain by an orc

Levels and vault maps discovered:
D:1:      minmay_arrival_four_houses, layout_loops_corners,
          minmay_misc_feat_cross
D:2:      layout_rooms, basic_altar, minmay_misc_feat_alley
D:3:      layout_basic, ebering_ecumenical_altar_abandoned

Skill      XL: |  1  2  3 |
---------------+----------+-----
Ranged Weapons | 4 |  4.0
Armour         | 1 |  1.8
Fighting       | |  2.7
Dodging        | |  2.1
Stealth        | |  0.7

Action                     |  1- 3 |  4- 6 || total
---------------------------+-------+-------++-------
   Fire: Shortbow          |   102 |     1 ||   103
    Use: Scroll            |     6 |     1 ||     7
         Potion            |     2 |       ||     2
 Armour: Leather armour    |    11 |       ||    11
         Ring mail         |     2 |     1 ||     3
  Dodge: Dodged            |    12 |       ||    12

Table legend:
 A = Non-vault XP
 B = Vault XP
 C = Vault XP percentage of total XP
 D = Non-vault monster count
 E = Vault monster count
 F = Vault count percentage of total count
                 A         B        C        D         E       F
            +---------+---------+-------+---------+---------+-------
      Total |     104 |       0 |   0.0 |      40 |       0 |   0.0
            +---------+---------+-------+---------+---------+-------
        D:1 |      39 |       0 |   0.0 |      26 |       0 |   0.0
        D:2 |      21 |       0 |   0.0 |      11 |       0 |   0.0
        D:3 |      44 |       0 |   0.0 |       3 |       0 |   0.0
            +---------+---------+-------+---------+---------+-------
